 Dungeon Crawl Stone Soup version 0.22-a0-601-gb0ed703 (webtiles) character file.

32 royokou the Grasshopper (level 3, 0/32 HPs)
             Began as a Deep Dwarf Warper on July 6, 2018.
             Slain by a goblin
             ... wielding a cursed -2 dagger
              (1 damage)
             ... on level 2 of the Dungeon.
             The game lasted 00:03:55 (1406 turns).

royokou the Grasshopper (Deep Dwarf Warper)         Turns: 1406, Time: 00:03:55

Health: 0/32       AC:  3    Str: 15    XL:     3   Next: 10%
Magic:  5/5        EV: 12    Int: 13    God:
Gold:   34         SH:  0    Dex: 12    Spells: 6/6 levels left

rFire    . . .     SeeInvis .   a - +0 hand axe
rCold    . . .     Gourm    .   (no shield)
rNeg     . . .     Faith    .   b - +0 leather armour
rPois    .         Spirit   .   (no helmet)
rElec    .         Reflect  .   (no cloak)
rCorr    .         Harm     .   (no gloves)
MR       .....                  (no boots)
Stlth    +.........             (no amulet)
HPRegen  0.00/turn              (no ring)
MPRegen  0.09/turn              (no ring)

@: non-regenerating
A: damage resistance, heal wounds, sense surroundings 1, no regeneration
a: Heal Wounds


You were on level 2 of the Dungeon.
You were near starving.

You visited 1 branch of the dungeon, and saw 2 of its levels.

You collected 34 gold pieces.

Inventory:

Hand Weapons
 a - a +0 hand axe (weapon)
Missiles
 e - 5 tomahawks of dispersal (quivered)
Armour
 b - a +0 leather armour (worn)
Scrolls
 c - 2 scrolls of teleportation {unknown}
 d - a scroll of blinking
 g - a scroll of fear {unknown}
 h - a scroll of identify {unknown}
 i - a scroll of fog {unknown}
 j - a scroll of random uselessness {unknown}
Potions
 k - a potion of resistance {unknown}
Comestibles
 f - 2 rations


   Skills:
 + Level 2.0 Fighting
 + Level 2.6 Axes
 + Level 1.1 Throwing
 + Level 1.6 Armour
 + Level 2.7 Dodging
 + Level 2.0 Spellcasting
   Level 3.2 Translocations


You had 6 spell levels left.
You didn't know any spells.
Your spell library contained the following spells:

 Spells                   Type           Power        Failure   Level  Hunger
 Teleport Other           Tloc           #.......     24%         3    ####...
 Blink                    Tloc           N/A          12%         2    ###....
 Passage of Golubria      Tloc           N/A          63%         4    #####..
 Shroud of Golubria       Chrm/Tloc      #.........   24%         2    ###....
 Gell's Gravitas          Tloc           #.........   24%         3    ####...
 Lesser Beckoning         Tloc           #.........   24%         3    ####...


Dungeon Overview and Level Annotations

Branches:
Dungeon (2/15)

Altars:


Innate Abilities, Weirdness & Mutations

You are resistant to damage.
You can heal yourself by infusing magical energy.
You passively map a small area around you.
You do not regenerate.


Message History

The goblin barely misses you. The goblin closely misses you.
The goblin hits you but does no damage. The goblin hits you but does no damage.
The goblin closely misses you. The goblin barely misses you.
The goblin misses you. The goblin hits you but does no damage.
The goblin hits you but does no damage. The goblin hits you but does no damage.
The goblin misses you. The goblin barely misses you.
The goblin closely misses you. The goblin hits you but does no damage.
The goblin barely misses you. The goblin barely misses you.
The goblin barely misses you. The goblin hits you with a dagger.
The goblin hits you with a dagger.
You die...

###########
#......(..#
#.#######.########
#.# #......... #.#
##########
######.# , ,,
#......### * * *
#.####...# , ,
#@#.# , , * #g#.#
* * , #.#.# * *
*#.#.# , ..#.# * *
* *###.. * * * ##
* *


You could see a goblin.

Vanquished Creatures
  An adder (D:2)
  4 bats (D:1)
  A giant cockroach (D:1)
  3 goblins (D:1)
  2 hobgoblins (D:1)
  2 jackals (D:1)
  A ball python (D:1)
  6 frilled lizards (D:1)
  2 kobolds (D:1)
  A rat (D:1)
23 creatures vanquished.

Notes
Turn   | Place    | Note
-------+----------+-------------------------------------------
     0 | D:1      | royokou the Deep Dwarf Warper began the quest for the Orb.
     0 | D:1      | Reached XP level 1. HP: 19/19 MP: 3/3
    62 | D:1      | Reached skill level 1 in Throwing
    86 | D:1      | Reached XP level 2. HP: 24/26 MP: 4/4
   982 | D:2      | Reached XP level 3. HP: 30/32 MP: 5/5
  1369 | D:2      | HP: 1/32 [goblin/dagger (3)]
  1406 | D:2      | Slain by a goblin

Vault maps used:
D:1:      shiori_arrival_maze, minmay_lizard_pond
D:2:      first_ration

Skill      XL: |  1  2 |
---------------+-------+-----
Throwing       | 1 |  1.1
Spellcasting   | 2 |  2.0
Fighting       | 2 |  2.0
Axes           | |  2.6
Armour         | |  1.6
Dodging        | |  2.7
Translocations | |  3.2

Action                   || total
-------------------------++-------
Melee: Hand axe          ||    92
 Abil: Heal Wounds       ||     1
Armor: Leather armour    ||   100
Dodge: Dodged            ||   261

Table legend:
 A = Spawn XP
 B = Non-spawn XP
 C = Spawn XP percentage of total XP
 D = Spawn monster count
 E = Non-spawn monster count
 F = Spawn count percentage of total count
 G = Total turns spent on level
                    A         B        C        D         E        F      G
               +---------+---------+-------+---------+---------+-------+---------
         Total |       0 |      47 |   0.0 |       0 |      23 |   0.0 |  1406
               +---------+---------+-------+---------+---------+-------+---------
           D:1 |       0 |      34 |   0.0 |       0 |      22 |   0.0 |   943
           D:2 |       0 |      13 |   0.0 |       0 |       1 |   0.0 |   463
               +---------+---------+-------+---------+---------+-------+---------
